 Dungeon Crawl Stone Soup version 0.31.0-12-g77e489cdc1 (webtiles) character file.

Game seed: 17381415603755290464

49 chippings the Ruffian (level 3, -1/29 HPs)
             Began as a Draconian Shapeshifter on Mar 5, 2024.
             Killed from afar by Crazy Yiuf (6 damage)
             ... with a puff of flame
             ... on level 2 of the Dungeon.
             The game lasted 00:02:58 (822 turns).

chippings the Ruffian (Draconian Shapeshifter)       Turns: 822, Time: 00:02:58

Health: -1/29      AC:  5    Str: 16    XL:     3   Next: 53%
Magic:  12/12      EV: 12    Int: 10    God:
Gold:   55         SH:  0    Dex: 12    Spells: 2/2 levels left

rFire   . .          .
                       - Unarmed
rCold   . . .        (no shield)
rNeg    . . .        (body armour unavailable)
rPois   .            (helmet currently unavailable)
rElec   .            (cloak currently unavailable)
rCorr   .            (gloves currently unavailable)
SInv    .            (boots currently unavailable)
Will    .....        e - amulet of magic regeneration
Stlth   +            f - ring of magical power
HPRegen 0.24/turn    (no ring)
MPRegen 0.53/turn

%: no passive effects
@: beast-form
A: beast (slay +1), AC +5, unfitting armour, cold-blooded
a: Begin Untransformation


You were on level 2 of the Dungeon.
You were a hulking beast.
You visited 1 branch of the dungeon, and saw 2 of its levels.

You collected 55 gold pieces.

Inventory:

Hand Weapons
 k - the +3 hammer of Adverse Possession {holy, rPois Dex+2}
   (You found it on level 2 of the Dungeon)

   Dex+2:     It affects your dexterity (+2).
   rPois:     It protects you from poison
Missiles
 h - 5 atropa-tipped darts (quivered)
 i - 5 silver javelins
Jewellery
 e - an amulet of magic regeneration (around neck)
 f - a ring of magical power (left hand)
Talismans
 b - a beast talisman
 c - a flux talisman
Scrolls
 g - 2 scrolls of noise {unknown}
 j - a scroll of vulnerability {unknown}
Potions
 a - a potion of lignification
 d - 2 potions of curing {unknown}


   Skills:
 + Level 2.1 Fighting
 + Level 2.3 Dodging
 + Level 3.4 Unarmed Combat
 + Level 3.3 Shapeshifting


You had 2 spell levels left.
You didn't know any spells.
Your spell library was empty.

Dungeon Overview and Level Annotations

Branches:
Dungeon (2/15)

Altars:

Annotations:
D:2 Crazy Yiuf


Innate Abilities, Weirdness & Mutations

You are a hulking beast.
Your limbs bulge with bestial killing power. (Slay +1)
Your plain brown scales are hard. (AC +5)
You cannot fit into any form of body armour.
You are cold-blooded and may be slowed by cold attacks.


Message History

You see here the +3 hammer of Adverse Possession {holy, rPois Dex+2}.
k - the +3 hammer of Adverse Possession {holy, rPois Dex+2} You see here a +1 hammer of protection.
You see here a +0 hammer.
You feel agile.
The +3 hammer of Adverse Possession {holy, rPois Dex+2} softly glows with a divine radiance!
k - the +3 hammer of Adverse Possession (weapon)
{holy, rPois Dex+2}
Okay, then.
You are a hulking beast.
Your movement speed is average.
Your attack delay is about 1.4.
Your damage rating with the +3 hammer of Adverse Possession {holy, rPois Dex+2} is about 13 (Base 8 x 115% (Str) x 103% (Skill) + 4 (Ench + Slay)).
Your base attributes are Str 16, Int 10, Dex 12.
The +3 hammer of Adverse Possession {holy, rPois Dex+2} stops glowing.
You are now empty-handed.
You are a hulking beast.
Your movement speed is average.
Your attack delay is about 0.9.
Your damage rating with unarmed combat is about 8 (Base [3 + 3 (UC)] x 115% (Str) x 103% (Fight) + 1 (Slay)).
You feel agile.
The +3 hammer of Adverse Possession {holy, rPois Dex+2} softly glows with a divine radiance!
k - the +3 hammer of Adverse Possession (weapon)
{holy, rPois Dex+2} The +3 hammer of Adverse Possession {holy, rPois Dex+2} stops glowing.
You are now empty-handed.
Found a hammer.
Found a runed translucent door.
Crazy Yiuf shouts!
Crazy Yiuf says, "East sallow testudinal!"
You open the door. You hit Crazy Yiuf.
Crazy Yiuf is lightly wounded.
Crazy Yiuf hits you with a +3 quarterstaff of chaos!
Ouch! That really hurt!
Crazy Yiuf burns you.
You closely miss Crazy Yiuf.
Crazy Yiuf is lightly wounded.
Crazy Yiuf zaps a wand.
The puff of flame hits you.
* * * LOW HITPOINT WARNING * * *
You hit Crazy Yiuf. Your punch misses Crazy Yiuf.
Crazy Yiuf is moderately wounded.
Crazy Yiuf grits, "Mountain wrapper Xom!"
Crazy Yiuf zaps a wand.
The puff of flame hits you.
You die...

###### .....# ####.#
#.# #.# #.# ########
#.# ### ###.#.).)##
#.# #...##..#.)))))##
#.#####
#...gh####))))..#####
#.....# #)..###
##))))....)# #######
### #########.# #.#
#.# ###### #.# ......
#.# ..#### #.# ..#
#.#


You could see Crazy Yiuf.

Vanquished Creatures
  2 adders (D:2)
  2 dart slugs (D:1)
  2 giant cockroaches (D:1)
  3 goblins (D:1)
  3 hobgoblins (D:1)
  5 kobolds (D:1)
  A quokka (D:1)
  A ball python (D:1)
  A bat (D:1)
  3 frilled lizards (D:1)
  4 rats
27 creatures vanquished.

Notes
Turn   | Place    | Note
-------+----------+-------------------------------------------
     0 | D:1      | chippings the Draconian Shapeshifter began the quest for
                  | the Orb.
     0 | D:1      | Reached XP level 1. HP: 16/16 MP: 1/1
    69 | D:1      | Reached XP level 2. HP: 23/23 MP: 2/2
   284 | D:1      | Found a faded altar of an unknown god.
   307 | D:1      | Reached XP level 3. HP: 24/29 MP: 3/3
   805 | D:2      | Identified the +3 hammer of Adverse Possession {holy, rPois
                  | Dex+2}
   815 | D:2      | Found a runed translucent door.
   816 | D:2      | Noticed Crazy Yiuf
   822 | D:2      | Killed from afar by Crazy Yiuf

Illustrated notes

Levels and vault maps discovered:
D:1:      lightli_arrival_flooded_house, layout_rooms,
          shapermc_ecumenical_altar_mp_urbaneastern
D:2:      layout_basic, basic_altar, uniq_crazy_yiuf_cottage

Skill      XL: |  1  2  3 |
---------------+----------+-----
Dodging        | 2 |  2.3
Fighting       | 2 |  2.1
Unarmed Combat | |  3.4
Shapeshifting  | |  3.3

Action                     || total
---------------------------++-------
  Melee: Unarmed           ||    91
         Tailslap          ||    13
 Armour: Skin              ||    40
  Dodge: Dodged            ||    56
